[Event "Titled Tuesday Blitz May 9 Late 2023"]
[White "Koc, Przemyslaw"]
[Black "Pavlidou, Ekaterini"]
[WhiteFideId "1109081"]
[BlackFideId "4213262"]
[WhiteElo "2161"]
[BlackElo "2126"]
[Result "0-1"]
[Round "02"]
[TimeControl "180+2"]
[Date "2023.05.09"]
[WhiteClock "0:00:29"]
[BlackClock "0:00:35"]

1. Nf3 c5 2. g3 Nc6 3. Bg2 g6 4. d4 cxd4 5. Nxd4 Bg7 6. Nxc6 bxc6 7. c4 e5 8. b3 Ne7 9. Bb2 d5 10. O-O O-O 11. Nc3 d4 12. Ne4 f5 13. Nc5 Qa5 14. Nd3 Be6 15. f4 e4 16. Ne5 c5 17. e3 Bxe5 18. fxe5 Nc6 19. exd4 cxd4 20. Qe1 Qxe5 21. Rd1 Rad8 22. Kh1 a5 23. Qf2 Rf7 24. Rfe1 Rfd7 25. Qe2 Nb4 26. a3 Nc6 27. Qd2 Rb8 28. Qc2 Rdb7 29. Qd2 Rxb3 30. Bxd4 Nxd4 31. Qxd4 Qxd4 32. Rxd4 Rxa3 33. c5 Rc3 34. Rd6 Kf7 35. Rc6 a4 36. Rc7+ Kf6 37. Bf1 a3 38. Ra1 a2 39. Rc6 Rc2 40. Rb6 Rxb6 41. cxb6 Rb2 0-1


[Site "https://www.chess.com"]

[Event "Titled Tuesday Blitz May 9 Late 2023"]
[White "Smiechu"]
[Black "Moore, Nicholas"]
[BlackFideId "4303709"]
[WhiteElo "2322"]
[BlackElo "2498"]
[Result "0-1"]
[Round "02"]
[TimeControl "180+2"]
[Date "2023.05.09"]
[WhiteClock "0:00:53"]
[BlackClock "0:01:12"]

1. e4 c5 2. Nf3 e6 3. d4 cxd4 4. Nxd4 Nc6 5. Nc3 Qc7 6. Be3 a6 7. Bd3 b5 8. Nxc6 Qxc6 9. O-O Bb7 10. a4 b4 11. Ne2 Nf6 12. Nd4 Qc7 13. f3 Bc5 14. Kh1 O-O 15. c3 bxc3 16. bxc3 d5 17. Bg5 Be7 18. Bxf6 Bxf6 19. Rc1 Rfd8 20. exd5 Bxd5 21. Qc2 g6 22. Ne2 Rab8 23. Be4 Bb3 24. Qb2 Bxa4 25. Qa3 Bb5 26. Rfe1 Bc4 27. h3 Rd2 28. Nd4 Qg3 29. Rg1 Be5 0-1


[Site "https://www.chess.com"]

[Event "Titled Tuesday Blitz May 9 Late 2023"]
[White "cristianserban1"]
[Black "De Souza, Cristiano Gomes"]
[BlackFideId "2151758"]
[WhiteElo "2498"]
[BlackElo "2068"]
[Result "1-0"]
[Round "02"]
[TimeControl "180+2"]
[Date "2023.05.09"]
[WhiteClock "0:00:09"]
[BlackClock "0:00:30"]

1. d4 Nf6 2. Bf4 d6 3. e3 g6 4. Nf3 Bg7 5. h3 b6 6. Be2 Bb7 7. O-O O-O 8. Nc3 Nfd7 9. Bg3 Nc6 10. d5 Nce5 11. Nxe5 Nxe5 12. a4 a5 13. e4 e6 14. f4 Nd7 15. f5 exd5 16. exd5 Qg5 17. Bf4 Qh4 18. Qd2 Be5 19. Nb5 Rac8 20. c3 Rfe8 21. Rae1 Nc5 22. Bg4 h5 23. fxg6 fxg6 24. Bxc8 Bxc8 25. Bxe5 dxe5 26. Nxc7 Re7 27. d6 Rg7 28. Qd5+ Kh7 29. Ne8 Be6 30. Qxe5 Ra7 31. Nf6+ Kh6 32. Qf4+ Qxf4 33. Rxf4 Nd3 34. Rxe6 Nxf4 35. Re4 Kg5 36. d7 Kxf6 37. d8=Q+ Kf5 38. Rxf4+ Kxf4 39. Qb8+ Ke3 40. Qxa7 1-0


[Site "https://www.chess.com"]

[Event "Titled Tuesday Blitz May 9 Late 2023"]
[White "Zampronha, Wladimir Camilo"]
[Black "Santos Flores, Alberto"]
[WhiteFideId "2103087"]
[BlackFideId "3601234"]
[WhiteElo "2176"]
[BlackElo "2235"]
[Result "0-1"]
[Round "02"]
[TimeControl "180+2"]
[Date "2023.05.09"]
[WhiteClock "0:00:00"]
[BlackClock "0:01:15"]

1. e4 c5 2. Nf3 Nc6 3. d4 cxd4 4. Nxd4 g6 5. Nc3 Bg7 6. Be3 Nf6 7. Bc4 O-O 8. Bb3 d6 9. f3 Bd7 10. Qd2 Rc8 11. O-O-O Ne5 12. h4 h5 13. Bg5 Rc5 14. g4 hxg4 15. f4 Nc4 16. Qe2 b5 17. f5 gxf5 18. Nxf5 Bxf5 19. exf5 Rxf5 20. Bxf6 Rxf6 21. Bxc4 bxc4 22. Qxg4 e6 23. h5 Kh8 24. h6 Rxh6 25. Rxh6+ Bxh6+ 26. Kb1 Qg5 27. Qxc4 d5 28. Qc7 Bg7 29. Qxa7 Qg4 30. Rh1+ Kg8 31. Rg1 Qf4 32. a4 Rb8 33. a5 Qb4 34. Nd1 Kf8 35. Rf1 Qb7 36. Qc5+ Qe7 37. Qxe7+ Kxe7 38. c3 Rb5 39. b4 d4 40. Kc2 dxc3 41. Nxc3 Rxb4 42. Rb1 Rc4 43. Rb3 Rxc3+ 44. Rxc3 Bxc3 45. Kxc3 Kd6 46. Kc4 Kc6 0-1


[Site "https://www.chess.com"]

[Event "Titled Tuesday Blitz May 9 Late 2023"]
[White "FuenfgegenWilly"]
[Black "Guz, Ari"]
[BlackFideId "2825759"]
[WhiteElo "2314"]
[BlackElo "2205"]
[Result "1/2-1/2"]
[Round "02"]
[TimeControl "180+2"]
[Date "2023.05.09"]
[WhiteClock "0:00:44"]
[BlackClock "0:01:19"]

1. Nf3 Nf6 2. b3 g6 3. Bb2 Bg7 4. g3 O-O 5. Bg2 a5 6. a4 Nc6 7. O-O d6 8. d4 Bf5 9. Nh4 Bd7 10. e4 e5 11. d5 Nb4 12. c4 Qc8 13. Nc3 Bh3 14. Rc1 Bxg2 15. Kxg2 Na6 16. Ba3 b6 17. Qd3 Nd7 18. Nb5 Nac5 19. Qb1 Na6 20. h3 Ndc5 21. Rc3 f5 22. exf5 gxf5 23. Rf3 e4 24. Re3 Bf6 25. Bb2 Bxh4 26. gxh4 Kf7 27. Kh2 Rg8 28. Rg1 Qd8 29. Rxg8 Qxg8 30. Rg3 Qf8 31. Qd1 Qh6 32. Rg7+ Kf8 33. Qg1 Qf4+ 34. Kh1 Qf3+ 35. Kh2 Qf4+ 36. Kh1 Qf3+ 37. Kh2 Qf4+ 1/2-1/2


[Site "https://www.chess.com"]

[Event "Titled Tuesday Blitz May 9 Late 2023"]
[White "Tifferet, Shaked"]
[Black "Kostiukov, Alexandr"]
[WhiteFideId "2811529"]
[BlackFideId "14108100"]
[WhiteElo "2142"]
[BlackElo "2202"]
[Result "1-0"]
[Round "02"]
[TimeControl "180+2"]
[Date "2023.05.09"]
[WhiteClock "0:01:33"]
[BlackClock "0:00:03"]

1. Nf3 c5 2. e4 g6 3. h4 h5 4. Bc4 Nc6 5. Ng5 e6 6. a3 Bg7 7. O-O Nge7 8. d3 d5 9. Ba2 O-O 10. Nd2 f6 11. Ngf3 e5 12. exd5 Nxd5 13. Ne4 b6 14. c3 Kh8 15. d4 cxd4 16. cxd4 f5 17. Bg5 Qd7 18. Nxe5 Nxe5 19. dxe5 Bb7 20. Nd6 1-0


[Site "https://www.chess.com"]

[Event "Titled Tuesday Blitz May 9 Late 2023"]
[White "Souza, Adwilhans Luciano"]
[Black "Herman, Daniel"]
[WhiteFideId "2101793"]
[BlackFideId "30935008"]
[WhiteElo "2288"]
[BlackElo "1897"]
[Result "1-0"]
[Round "02"]
[TimeControl "180+2"]
[Date "2023.05.09"]
[WhiteClock "0:00:24"]
[BlackClock "0:00:03"]

1. e4 g6 2. d4 Bg7 3. Nc3 d6 4. f4 Nf6 5. Nf3 c5 6. Bb5+ Nfd7 7. dxc5 dxc5 8. O-O O-O 9. e5 a6 10. Be2 Nc6 11. Be3 b6 12. e6 fxe6 13. Ng5 Nf6 14. Bf3 Qc7 15. Qe2 h6 16. Nge4 Nxe4 17. Bxe4 Rf6 18. a4 Bb7 19. a5 Nxa5 20. Bxb7 Nxb7 21. Rxa6 Rxa6 22. Qxa6 Nd6 23. Na4 Nf5 24. Bc1 e5 25. fxe5 Qxe5 26. Nxb6 Qd4+ 27. Kh1 Ng3+ 28. hxg3 Rxf1+ 29. Qxf1 Kh7 30. Nc4 Qg4 31. Bf4 Qf5 32. Qd3 Qe6 33. Kh2 h5 34. c3 Bf6 35. Be3 Qc6 36. Nd2 Qb7 37. b3 Qc7 38. Ne4 Be5 39. Bxc5 h4 40. Bd4 hxg3+ 41. Nxg3 Bf4 42. Qf3 Qd6 43. b4 Qc7 44. b5 e5 45. b6 Qb8 46. Be3 g5 47. Kg1 Qd6 48. Ne4 Qd3 49. Bxf4 Qb1+ 50. Kh2 gxf4 51. Qh5+ Kg7 52. Qxe5+ Kg6 53. Qf6+ Kh7 54. Ng5+ Kg8 55. Qf7+ Kh8 56. Qf8# 1-0


[Site "https://www.chess.com"]

[Event "Titled Tuesday Blitz May 9 Late 2023"]
[White "Ng, Gary"]
[Black "Jovic, Stanoje"]
[WhiteFideId "2604914"]
[BlackFideId "905020"]
[WhiteElo "2311"]
[BlackElo "2236"]
[Result "0-1"]
[Round "02"]
[TimeControl "180+2"]
[Date "2023.05.09"]
[WhiteClock "0:00:00"]
[BlackClock "0:00:28"]

1. d4 Nf6 2. Bf4 d5 3. e3 e6 4. Nd2 Bd6 5. Bg3 O-O 6. Ngf3 b6 7. Bd3 c5 8. c3 Ba6 9. Qe2 Bxd3 10. Qxd3 Nc6 11. Ne5 Bxe5 12. dxe5 Nd7 13. f4 c4 14. Qe2 Nc5 15. O-O Nd3 16. Nf3 b5 17. Rad1 a5 18. e4 dxe4 19. Qxe4 Qd5 20. Qe2 a4 21. a3 Rad8 22. Ng5 h6 23. Ne4 f5 24. exf6 gxf6 25. Qg4+ Kh7 26. f5 Ne7 27. fxe6 f5 28. Qh4 Qxe4 29. Qxe7+ Kg6 30. h4 Qg4 31. Qc7 Rde8 32. e7 Rf7 33. Qd6+ Kh7 34. Rf3 Rexe7 35. Qc6 f4 36. Bh2 Rg7 37. Rd2 Re1+ 38. Rf1 Re2 39. Rxe2 Qxe2 40. Bxf4 Nxf4 41. Rxf4 Qe3+ 42. Rf2 Rf7 0-1


[Site "https://www.chess.com"]

[Event "Titled Tuesday Blitz May 9 Late 2023"]
[White "Yeritsyan, Hayk"]
[Black "Fuzesabonyilaci"]
[WhiteFideId "13307320"]
[WhiteElo "2488"]
[BlackElo "2304"]
[Result "0-1"]
[Round "02"]
[TimeControl "180+2"]
[Date "2023.05.09"]
[WhiteClock "0:00:11"]
[BlackClock "0:00:12"]

1. d4 d5 2. Nf3 Nf6 3. e3 g6 4. Bd3 Bg7 5. O-O O-O 6. Nbd2 b6 7. e4 dxe4 8. Nxe4 Bb7 9. Qe2 Nbd7 10. c3 Re8 11. h3 e5 12. Nxf6+ Bxf6 13. dxe5 Nxe5 14. Nxe5 Bxe5 15. Qc2 Qd5 16. f3 Rad8 17. Be4 Qc5+ 18. Qf2 Qxf2+ 19. Kxf2 Bxe4 20. fxe4 Rd3 21. Be3 Bd6 22. Ke2 Rxe3+ 23. Kxe3 f5 24. Kf3 fxe4+ 25. Ke2 g5 26. Rf5 h6 27. Rh1 Kg7 28. h4 Bf4 29. hxg5 hxg5 30. g4 Rd8 31. Rd1 Rh8 32. Rd7+ Kg8 33. Rd8+ Kg7 34. Rxh8 Kxh8 35. Rf7 Kg8 36. Rd7 Kf8 37. c4 a5 38. b3 Ke8 39. Rh7 Kd8 40. Ke1 Kc8 41. Ke2 Kb7 42. a3 Kc6 43. b4 a4 44. Rf7 Bc1 45. Rf6+ Kd7 46. Rf5 Ke6 47. b5 Bxa3 48. Rxg5 Bc1 49. Rh5 a3 50. Rh1 Bb2 51. Ke3 a2 52. Kxe4 a1=Q 53. Rxa1 Bxa1 54. g5 Bg7 55. g6 Kd6 56. Kf5 Kc5 57. Ke6 Kxc4 58. Kd7 Kxb5 59. Kxc7 Kc5 60. Kd7 b5 61. Ke7 b4 62. Kf7 Bd4 63. Ke6 b3 64. Kf5 b2 65. Ke4 b1=Q+ 0-1


[Site "https://www.chess.com"]

[Event "Titled Tuesday Blitz May 9 Late 2023"]
[White "Kopacz, Grzegorz"]
[Black "Moral Garcia, Serafin"]
[WhiteFideId "1109880"]
[BlackFideId "2201925"]
[WhiteElo "2037"]
[BlackElo "2274"]
[Result "0-1"]
[Round "02"]
[TimeControl "180+2"]
[Date "2023.05.09"]
[WhiteClock "0:00:16"]
[BlackClock "0:00:30"]

1. d4 Nf6 2. c4 g6 3. Nc3 d5 4. cxd5 Nxd5 5. Na4 Bg7 6. e4 Nb6 7. Nxb6 axb6 8. Be3 Nc6 9. Bb5 O-O 10. Ne2 f5 11. e5 Be6 12. O-O Nb4 13. Nc3 Nd5 14. Nxd5 Bxd5 15. f4 c6 16. Bd3 e6 17. a3 Rf7 18. Qc2 Rd7 19. b4 b5 20. h3 Bf8 21. Qf2 Qe8 22. g4 Be7 23. gxf5 gxf5 24. Kh2 Kh8 25. Rg1 Qf7 26. Be2 Bd8 27. Rg3 Bb6 28. Rag1 Rxa3 29. Bh5 Qf8 30. Bf3 Ra2 31. Be2 Be4 32. Rg5 Ra8 33. Qg3 Re8 34. Rh5 Rg7 35. Qh4 Bd8 36. Rgg5 Bxg5 37. fxg5 Qf7 38. Bf4 Rg6 39. Rh6 Ra8 40. Bh5 Rxh6 41. gxh6 Ra2+ 42. Kg1 Qf8 43. Bg5 Rg2+ 44. Kf1 Qxb4 45. Bf6+ Kg8 46. Bf7+ Kxf7 47. Qh5+ Kf8 48. Bg7+ Rxg7 49. hxg7+ Kxg7 50. Qg5+ Kf7 51. Qf6+ Ke8 52. Qxe6+ Qe7 53. Qc8+ Kf7 54. Qh8 Ke6 55. Qg8+ Qf7 56. Qc8+ Kd5 57. Qd8+ Kc4 58. Qd6 f4 59. e6 Qh5 60. Qc5+ Qxc5 61. dxc5 Kxc5 62. h4 Bg6 63. Kf2 Kd6 64. h5 Bxh5 65. e7 Kxe7 0-1


[Site "https://www.chess.com"]

[Event "Titled Tuesday Blitz May 9 Late 2023"]
[White "Jonkman, Harmen"]
[Black "SalihEke"]
[WhiteFideId "1002708"]
[WhiteElo "2368"]
[BlackElo "2298"]
[Result "1-0"]
[Round "02"]
[TimeControl "180+2"]
[Date "2023.05.09"]
[WhiteClock "0:00:16"]
[BlackClock "0:00:00"]

1. d4 Nf6 2. Nf3 e6 3. Bf4 c5 4. e3 Nc6 5. Nbd2 Be7 6. h3 O-O 7. Bd3 b6 8. O-O Bb7 9. c3 d5 10. Ne5 Nxe5 11. dxe5 Ne4 12. Qc2 Nxd2 13. Qxd2 g6 14. Rad1 Bg5 15. Qe2 Bxf4 16. exf4 Qh4 17. Qd2 Rfd8 18. Kh2 a5 19. g3 Qe7 20. Rfe1 a4 21. Qe2 a3 22. b3 d4 23. c4 h5 24. Be4 Kg7 25. Rd3 Rab8 26. Qd2 Bxe4 27. Rxe4 Qb7 28. Re1 b5 29. cxb5 Qxb5 30. Rc1 Rd5 31. Rc4 Kg8 32. Qc1 Rbd8 33. Qxa3 Rb8 34. Qc1 Ra8 35. Qc2 Qa5 36. Ra4 Qd8 37. Rxa8 Qxa8 38. a4 Qc6 39. Qc4 Rd7 40. Kg1 Qe4 41. Qc2 Qe1+ 42. Kg2 Qb4 43. Rd2 d3 44. Qb2 Qe4+ 45. Kh2 c4 46. bxc4 Qxc4 47. a5 Kh7 48. Qa3 Qa6 49. Qb4 Rd5 50. Qc3 Rxa5 51. Qxd3 Qa7 52. Qd7 Kg7 53. Qxa7 Rxa7 54. Kg2 Ra3 55. Rd4 Ra2 56. Rd6 Ra4 57. Kf3 Ra3+ 58. Kg2 Ra4 59. Rd3 Rb4 60. Re3 Ra4 61. Kf3 Rc4 62. g4 hxg4+ 63. hxg4 Ra4 64. Re4 Ra3+ 65. Re3 Ra4 66. Kg3 Ra5 67. Re4 Ra3+ 68. f3 Ra1 69. Re2 Rg1+ 70. Rg2 Ra1 71. f5 gxf5 72. gxf5 exf5 73. Kf4+ Kf8 74. Kxf5 Ke7 75. f4 Ra7 76. Rb2 Rc7 77. Rb6 Ra7 78. Rc6 Rd7 79. Ra6 Rb7 80. Kg5 Rc7 81. f5 Rb7 82. Kh6 Rb5 83. f6+ Ke8 84. Kg7 Rxe5 85. Ra8+ Kd7 86. Kxf7 Re1 87. Ra7+ Kd6 88. Kf8 Rf1 89. f7 Ke6 90. Ke8 Rb1 91. Ra6+ Kd5 92. f8=Q Rb8+ 93. Kf7 Rxf8+ 94. Kxf8 1-0


[Site "https://www.chess.com"]

[Event "Titled Tuesday Blitz May 9 Late 2023"]
[White "Khandelwal, Ankush"]
[Black "Rosenberg, Evan S"]
[WhiteFideId "413470"]
[BlackFideId "2019299"]
[WhiteElo "2263"]
[BlackElo "2292"]
[Result "1-0"]
[Round "02"]
[TimeControl "180+2"]
[Date "2023.05.09"]
[WhiteClock "0:00:18"]
[BlackClock "0:00:02"]

1. e4 e5 2. Nf3 Nc6 3. Bc4 Nf6 4. Ng5 d5 5. exd5 Na5 6. Bb5+ c6 7. dxc6 bxc6 8. Bd3 Nd5 9. Nf3 Bd6 10. O-O O-O 11. Re1 f5 12. Nxe5 Qf6 13. Nf3 g5 14. c4 Nf4 15. Bf1 g4 16. d4 Kh8 17. Ne5 Ne6 18. Nc3 c5 19. Nb5 Bb8 20. b4 cxd4 21. bxa5 Bxe5 22. Bb2 a6 23. Rxe5 axb5 24. Rxe6 Qxe6 25. Qxd4+ Rf6 26. Re1 Qf7 27. Qxf6+ Qxf6 28. Bxf6+ Kg8 29. cxb5 Rxa5 30. Bc4+ Kf8 31. Rd1 1-0


[Site "https://www.chess.com"]

[Event "Titled Tuesday Blitz May 9 Late 2023"]
[White "Georg, Heinz"]
[Black "Remolar Gallen, Jose"]
[WhiteFideId "4607295"]
[BlackFideId "2215187"]
[WhiteElo "2291"]
[BlackElo "2223"]
[Result "1-0"]
[Round "02"]
[TimeControl "180+2"]
[Date "2023.05.09"]
[WhiteClock "0:00:14"]
[BlackClock "0:00:00"]

1. c4 Nf6 2. Nc3 g6 3. d4 Bg7 4. e4 d6 5. Be2 O-O 6. Be3 a6 7. g4 c5 8. d5 b5 9. g5 Nfd7 10. cxb5 axb5 11. Bxb5 Qa5 12. Be2 Ba6 13. Qd2 Bxe2 14. Kxe2 Ne5 15. Rc1 Qa6+ 16. Kd1 Qf1+ 17. Qe1 Qg2 18. Nge2 Nd3 19. Qf1 Qxf1+ 20. Rxf1 Nxc1 21. Kxc1 Nd7 22. a4 Rfb8 23. f4 Nb6 24. b3 c4 25. Bxb6 Rxb6 26. bxc4 Rb4 27. Kc2 Rxc4 28. Kd3 Rac8 29. Rc1 Kf8 30. a5 Ke8 31. a6 Kd7 32. a7 R4c7 33. Nb5 Rxc1 34. Nxc1 Ra8 35. Nb3 Kc8 36. Na5 h6 37. h4 hxg5 38. hxg5 f6 39. Nc6 fxg5 40. Nxe7+ Kb7 41. fxg5 Kb6 42. Nxd6 Kxa7 43. Nxg6 Kb6 44. Nf5 Ra3+ 45. Ke2 Bc3 46. Nf4 Kc7 47. g6 Kd7 48. g7 Ra8 49. Ne6 Rg8 50. Kf3 Bf6 51. Nh6 Rxg7 52. Nxg7 Bxg7 53. Nf5 Bf6 54. Kf4 Bb2 55. e5 Bc1+ 56. Ke4 Ke8 57. d6 Bb2 58. Kd5 Kd7 59. e6+ Ke8 60. d7+ Kd8 61. Kc6 Ba3 62. Nh6 Ke7 63. Nf7 Kxe6 64. d8=Q Kxf7 65. Qd7+ Be7 66. Qf5+ Ke8 67. Kd5 Kd8 68. Ke6 1-0


[Site "https://www.chess.com"]

[Event "Titled Tuesday Blitz May 9 Late 2023"]
[White "TheKnightOfBosnia"]
[Black "Nastase, Robert-Paul"]
[BlackFideId "1221175"]
[WhiteElo "2483"]
[BlackElo "2175"]
[Result "1-0"]
[Round "02"]
[TimeControl "180+2"]
[Date "2023.05.09"]
[WhiteClock "0:01:24"]
[BlackClock "0:00:11"]

1. e4 c6 2. d4 d5 3. Nd2 dxe4 4. Nxe4 Nf6 5. Nxf6+ exf6 6. Bc4 Be7 7. c3 O-O 8. Qh5 Be6 9. Bxe6 fxe6 10. Nf3 Qd5 11. Qg4 Nd7 12. O-O Rae8 13. Re1 Bd6 14. Bf4 Bxf4 15. Qxf4 e5 16. Qe4 Qxe4 17. Rxe4 exd4 18. Rxd4 Nb6 19. Re1 Kf7 20. a4 Rxe1+ 21. Nxe1 Ke7 22. a5 Nd5 23. Nd3 Rd8 24. Kf1 b6 25. Ke2 c5 26. Re4+ Kd6 27. Rg4 Rd7 28. c4 Ne7 29. Rxg7 bxa5 30. Rxh7 Ke6 31. Nf4+ Kf5 32. g3 Rb7 33. Nd3 Ke4 34. Nxc5+ 1-0


[Site "https://www.chess.com"]

[Event "Titled Tuesday Blitz May 9 Late 2023"]
[White "Bueno, Alfeu Junior Varela"]
[Black "Gurevich, Dmitry"]
[WhiteFideId "2108879"]
[BlackFideId "2000407"]
[WhiteElo "2175"]
[BlackElo "2506"]
[Result "0-1"]
[Round "02"]
[TimeControl "180+2"]
[Date "2023.05.09"]
[WhiteClock "0:00:04"]
[BlackClock "0:00:38"]

1. e4 c5 2. Nc3 g6 3. f4 Bg7 4. Nf3 Nc6 5. Bb5 Nd4 6. O-O a6 7. Bc4 d6 8. d3 Nf6 9. Nxd4 cxd4 10. Ne2 d5 11. exd5 Nxd5 12. Ng3 h5 13. Qf3 Ne3 14. Bxe3 dxe3 15. Rab1 Bg4 16. Qxb7 e2 17. Rfe1 O-O 18. Nxe2 Rb8 19. Qxa6 Bxe2 20. Rxe2 Qd4+ 21. Kh1 Rxb2 22. Rf1 e6 23. Bb3 h4 24. Qc4 Qd7 25. h3 Rc8 26. Qe4 Qd6 27. Qf3 Bf6 28. Qg4 Kg7 29. Ref2 Rc5 30. Re2 Rf5 31. Re4 Qc5 32. Qe2 Qd6 33. Rc4 Qd7 34. Qe4 Qd6 35. Qc6 Qb8 36. Qd7 Qb6 37. Rc7 Be5 38. Rb7 Rxf4 39. Qxf7+ Rxf7 40. Rfxf7+ Kh6 41. Rxb6 Rb1+ 42. Rf1 Rxf1# 0-1


[Site "https://www.chess.com"]

[Event "Titled Tuesday Blitz May 9 Late 2023"]
[White "Cooklev, Steven"]
[Black "Koutlas, Nikolaos"]
[WhiteFideId "2050552"]
[BlackFideId "25827138"]
[WhiteElo "2278"]
[BlackElo "2215"]
[Result "0-1"]
[Round "02"]
[TimeControl "180+2"]
[Date "2023.05.09"]
[WhiteClock "0:00:09"]
[BlackClock "0:00:09"]

1. e4 e6 2. d4 d5 3. Nd2 a6 4. Ngf3 c5 5. exd5 exd5 6. c4 Nf6 7. cxd5 Nxd5 8. Bc4 Be7 9. dxc5 Be6 10. Nb3 Bxc5 11. Nxc5 Qa5+ 12. Bd2 Qxc5 13. Rc1 O-O 14. O-O Nc6 15. Bxa6 Qb6 16. Bc4 Qxb2 17. Rb1 Qf6 18. Rxb7 Na5 19. Bg5 Qf5 20. Bd3 Qg4 21. Rb2 Nc3 22. Qc2 Rfc8 23. Re1 Ne4 24. Bxe4 Rxc2 25. Bxc2 Qc4 26. Be4 Rc8 27. h3 h6 28. Be3 Qxe4 29. Bxh6 Qa4 30. Be3 Nc4 0-1


[Site "https://www.chess.com"]

[Event "Titled Tuesday Blitz May 9 Late 2023"]
[White "Martinez, Shawn"]
[Black "Hirneise, Jens"]
[WhiteFideId "2039770"]
[BlackFideId "24614734"]
[WhiteElo "2174"]
[BlackElo "2345"]
[Result "1-0"]
[Round "02"]
[TimeControl "180+2"]
[Date "2023.05.09"]
[WhiteClock "0:00:10"]
[BlackClock "0:00:00"]

1. e4 c6 2. d4 g6 3. c3 Bg7 4. Bd3 d6 5. Nd2 Nd7 6. Ngf3 e5 7. O-O Ne7 8. Re1 O-O 9. a4 a5 10. Qb3 Qc7 11. Nc4 h6 12. Be3 exd4 13. Bxd4 Nc5 14. Qc2 Nxd3 15. Qxd3 Bxd4 16. cxd4 d5 17. Nce5 dxe4 18. Qxe4 Nd5 19. Rac1 Qd6 20. Qh4 Kg7 21. Ng4 Qf4 22. h3 h5 23. Ng5 Bxg4 24. hxg4 Qxg4 25. Qxg4 hxg4 26. Re4 f5 27. Re5 Kf6 28. Nh7+ Kf7 29. Nxf8 Rxf8 30. Rce1 Rd8 31. f3 gxf3 32. gxf3 Rd7 33. Kf2 Nb4 34. R1e3 Nc2 35. Rc3 Nxd4 36. Rxa5 Ne6 37. Rc2 Nf4 38. Ra7 Nd3+ 39. Kg3 g5 40. a5 f4+ 41. Kg4 Kf6 42. a6 Rh7 43. Rxc6+ Ke5 44. Rxb7 1-0


[Site "https://www.chess.com"]

[Event "Titled Tuesday Blitz May 9 Late 2023"]
[White "Martic, Ivan"]
[Black "Escalante Ramirez, Rafael"]
[WhiteFideId "929301"]
[BlackFideId "3900177"]
[WhiteElo "2360"]
[BlackElo "2264"]
[Result "1-0"]
[Round "02"]
[TimeControl "180+2"]
[Date "2023.05.09"]
[WhiteClock "0:01:07"]
[BlackClock "0:00:00"]

1. d4 Nf6 2. Bg5 e6 3. Nd2 d5 4. e3 c5 5. c3 Be7 6. Bd3 h6 7. Bh4 b6 8. f4 O-O 9. Ngf3 Ba6 10. Bxa6 Nxa6 11. Ne5 Nb8 12. O-O Qc7 13. f5 exf5 14. Rxf5 Nc6 15. Ndf3 Nxe5 16. Nxe5 Ne4 17. Qh5 Bxh4 18. Qxh4 Rae8 19. Raf1 Nd6 20. Rh5 Qe7 21. Qh3 Qe6 22. Qg3 Ne4 23. Qf4 Nf6 24. Rh3 Nh7 25. Rg3 Ng5 26. h4 Ne4 27. Rh3 Nf6 28. g4 Nd7 29. Nxd7 Qxd7 30. Rg3 Re4 31. Qf5 Qxf5 32. Rxf5 1-0


[Site "https://www.chess.com"]

[Event "Titled Tuesday Blitz May 9 Late 2023"]
[White "koncheto"]
[Black "Vaglio Munoz, Jaime"]
[BlackFideId "6500145"]
[WhiteElo "2477"]
[BlackElo "2199"]
[Result "1-0"]
[Round "02"]
[TimeControl "180+2"]
[Date "2023.05.09"]
[WhiteClock "0:01:07"]
[BlackClock "0:01:13"]

1. e4 e6 2. d4 d5 3. Nd2 dxe4 4. Nxe4 Nf6 5. Bd3 Nbd7 6. Qe2 Bd6 7. Nf3 h6 8. c3 O-O 9. h4 Re8 10. Nfg5 e5 11. Bc4 Nxe4 12. Nxf7 Qf6 13. Nxd6+ Kh8 14. Nxe8 Qf5 15. Bd3 Qe6 16. Qxe4 Nf8 17. Nxc7 Qf6 18. dxe5 Qf7 19. Nxa8 Be6 20. h5 Bd5 21. Qf5 Qe8 22. Rh4 Be6 23. Qe4 Qxa8 24. Rf4 Bg8 25. b3 Ne6 26. Rf7 Qe8 27. Rf3 Qxh5 28. Be3 Qh1+ 29. Bf1 Qh5 30. O-O-O Bh7 31. Qxb7 Qg6 32. Bd3 Qxg2 33. Rf8+ Bg8 34. Qxg2 Nxf8 35. Bxh6 gxh6 36. Rg1 1-0


[Site "https://www.chess.com"]

[Event "Titled Tuesday Blitz May 9 Late 2023"]
[White "Svicevic, Rastko"]
[Black "De Prado Rodriguez, Oscar Bruno"]
[WhiteFideId "916315"]
[BlackFideId "2203600"]
[WhiteElo "2115"]
[BlackElo "2190"]
[Result "1-0"]
[Round "02"]
[TimeControl "180+2"]
[Date "2023.05.09"]
[WhiteClock "0:00:06"]
[BlackClock "0:00:42"]

1. d4 f5 2. Bg5 c6 3. e3 Qb6 4. b3 d6 5. Bd3 g6 6. h4 Bg7 7. h5 h6 8. Bh4 g5 9. Bg3 e5 10. dxe5 dxe5 11. c3 f4 12. Bg6+ Kf8 13. exf4 exf4 14. Bh2 Ne7 15. Nf3 Nxg6 16. hxg6 Bf5 17. O-O Bxg6 18. Nd4 Kg8 19. Nd2 Na6 20. Nc4 Qc5 21. g3 fxg3 22. Bxg3 Rd8 23. Qe2 Kh7 24. Ne6 Qe7 25. Qg4 Rde8 26. Nxg7 Qxg7 27. Rae1 h5 28. Qxg5 Rxe1 29. Rxe1 Rf8 30. Re7 Rf7 31. Be5 Qg8 32. Rxf7+ Qxf7 33. Qd8 Bd3 34. Qh8+ Kg6 35. Ne3 Nc5 36. Bg3 Ne4 37. Qb8 Nxg3 38. Qxg3+ Kh7 39. Qg5 Bg6 40. Qe5 a6 41. Kg2 b5 42. Qc5 Be4+ 43. Kf1 Qg6 44. Qe7+ Kh6 45. Qe5 Bf3 46. Qf4+ Kh7 47. Qxf3 Qb1+ 48. Kg2 Qg6+ 49. Qg3 Qe4+ 50. Qf3 Qxf3+ 51. Kxf3 b4 52. Ke2 bxc3 53. Kd3 c2 54. Kxc2 c5 55. Kd3 c4+ 56. Kxc4 h4 57. Kc5 h3 58. Ng4 h2 59. Nxh2 a5 60. Kb5 a4 61. Kxa4 1-0


[Site "https://www.chess.com"]

[Event "Titled Tuesday Blitz May 9 Late 2023"]
[White "Delorme, Alban"]
[Black "Goncalves, Davi Sulzbacher"]
[WhiteFideId "623636"]
[BlackFideId "2154510"]
[WhiteElo "2196"]
[BlackElo "2182"]
[Result "0-1"]
[Round "02"]
[TimeControl "180+2"]
[Date "2023.05.09"]
[WhiteClock "0:00:06"]
[BlackClock "0:00:26"]

1. e4 g6 2. d4 Bg7 3. Nc3 c5 4. Be3 cxd4 5. Bxd4 Nf6 6. Nf3 Nc6 7. Be3 O-O 8. h3 d6 9. Be2 a6 10. O-O Be6 11. Nd4 Nxd4 12. Bxd4 Rc8 13. Bf3 Nd7 14. Bxg7 Kxg7 15. e5 Nxe5 16. Bxb7 Rb8 17. Bxa6 Rxb2 18. Qd4 Kg8 19. Bd3 Qa5 20. Rfe1 Rc8 21. Nd5 Rb7 22. Nf4 Bd7 23. Nd5 Bc6 24. Be4 Bxd5 25. Bxd5 Rb4 26. c4 e6 27. Bxe6 fxe6 28. Qxd6 Nf7 29. Qxe6 Rbxc4 30. Rad1 Qf5 31. Qe7 Rc2 32. Qa7 Qc5 33. Qxc5 R8xc5 34. Rd7 Rxa2 35. g4 Rc6 36. Red1 Rf6 37. R1d2 Rxd2 38. Rxd2 Ng5 39. Kg2 Rf7 40. h4 Ne4 41. Re2 Nf6 42. Kg3 Kg7 43. f4 Nd5 44. Rf2 Re7 45. h5 Re3+ 46. Kh4 Ne7 47. hxg6 Nxg6+ 48. Kg5 h6+ 49. Kf5 Nh4# 0-1


[Site "https://www.chess.com"]

[Event "Titled Tuesday Blitz May 9 Late 2023"]
[White "Lacey, Patrick"]
[Black "Rodriguez Santiago, Jaime"]
[WhiteFideId "2032007"]
[BlackFideId "3100898"]
[WhiteElo "2470"]
[BlackElo "2025"]
[Result "0-1"]
[Round "02"]
[TimeControl "180+2"]
[Date "2023.05.09"]
[WhiteClock "0:00:15"]
[BlackClock "0:00:40"]

1. Nf3 Nf6 2. c4 e6 3. d4 d5 4. Bg5 c6 5. Qc2 Nbd7 6. e3 Qa5+ 7. Nc3 Bb4 8. Bxf6 Nxf6 9. Bd3 dxc4 10. Bxc4 O-O 11. O-O Re8 12. Ne5 Bf8 13. f4 c5 14. f5 cxd4 15. exd4 a6 16. Qf2 b5 17. Bb3 b4 18. Ne2 Qb6 19. Nf4 Ra7 20. Rae1 exf5 21. Nxf7 Rxf7 22. Rxe8 Nxe8 23. Qe3 Nd6 24. Bxf7+ Nxf7 25. Rd1 Bb7 26. Kh1 g5 27. Nh5 Qh6 28. Qe2 Bd5 29. Rc1 g4 30. Ng3 Qxc1+ 0-1


[Site "https://www.chess.com"]

[Event "Titled Tuesday Blitz May 9 Late 2023"]
[White "Abdi, Farzad"]
[Black "Prydun, Andriy"]
[WhiteFideId "2076829"]
[BlackFideId "14145898"]
[WhiteElo "2243"]
[BlackElo "2164"]
[Result "0-1"]
[Round "02"]
[TimeControl "180+2"]
[Date "2023.05.09"]
[WhiteClock "0:00:02"]
[BlackClock "0:01:04"]

1. d4 c6 2. c4 d5 3. Nc3 Nf6 4. cxd5 cxd5 5. Bf4 Nc6 6. e3 Bg4 7. Qb3 Na5 8. Qa4+ Bd7 9. Qc2 Rc8 10. Bd3 Nh5 11. Nge2 Nxf4 12. Nxf4 e6 13. O-O Bd6 14. Qe2 Qg5 15. Qf3 O-O 16. g3 h6 17. Rac1 Nc4 18. Bxc4 Rxc4 19. Nd3 Rfc8 20. Ne2 Bb5 21. b3 Rc2 22. Rxc2 Rxc2 23. h4 Qf6 24. Ndf4 Bxf4 25. Qxf4 Qxf4 0-1


[Site "https://www.chess.com"]